[ PARTIDA AOE2 · #507216499 ]
UnrankedGeorgianos vs Armenians
Equipo del jugador · VICT
Equipo rival · DERR
[ ANÁLISIS DE REPETICIÓN · EXTRAÍDO DE LA PARTIDA GRABADA ]
Feudal
8:53
Castillos
20:41
Imperial
41:23
| APM promedio | 89.9 |
| APM pico | 126 |
| eAPM promedio | 51.9 |
| Aldeanos / militares | 245 / 288 |
Foco
⚔️ 52.4% · 🌾 47.6%
Monaspa ×99 · Skirmisher ×57 · Hand Cannoneer ×52 · Cavalry Archer ×41 · Monk ×11 · Trebuchet (Packed) ×9
Feudal
8:51
Castillos
24:22
Imperial
45:24
| APM promedio | 52.3 |
| APM pico | 108 |
| eAPM promedio | 30.7 |
| Aldeanos / militares | 187 / 437 |
Foco
⚔️ 45.6% · 🌾 54.4%
Militia ×250 · Spearman ×71 · Skirmisher ×58 · Composite Bowman ×25 · Battering Ram ×18 · Archer ×5
Mapa de la partida
Recursos iniciales + cada clic de construcción. Líneas = muros · curvas = relieve. ◆ oro · ⬟ piedra · ● bayas · ✦ reliquia · ◌ hueco del cierre
Tu base· ✓ Cerrada en 20:41 · 45t muro · 1 puerta(s)
Base de SSS66618· ✓ Cerrada en 24:22 · 30t muro · 1 puerta(s)
Terreno inicial suavizado · ◌ = hueco del cierre detectado · pasá el cursor para detalles
Inputs por minuto
— iamkaito - - SSS66618
Build order — iamkaito
Primeras 150 de 773 acciones detectadas
| 0:02 | Crear | Villager (Male) |
| 0:02 | Crear | Villager (Male) |
| 0:04 | Construir | House |
| 0:05 | Construir | House |
| 0:08 | Crear | Villager (Male) |
| 0:13 | Crear | Villager (Male) |
| 0:13 | Crear | Villager (Male) |
| 1:29 | Crear | Villager (Male) |
| 2:04 | Crear | Villager (Male) |
| 2:04 | Crear | Villager (Male) |
| 2:18 | Crear | Villager (Male) |
| 2:47 | Crear | Villager (Male) |
| 2:47 | Crear | Villager (Male) |
| 3:36 | Crear | Villager (Male) |
| 3:36 | Crear | Villager (Male) |
| 3:52 | Construir | House |
| 3:54 | Construir | House |
| 4:03 | Crear | Villager (Male) |
| 4:34 | Crear | Villager (Male) |
| 4:34 | Crear | Villager (Male) |
| 4:43 | Construir | Mill |
| 5:39 | Crear | Villager (Male) |
| 6:18 | Crear | Villager (Male) |
| 6:43 | Investigar | Feudal Age |
| 7:01 | Construir | Mule Cart |
| 7:13 | Investigar | Loom |
| 8:07 | Construir | Barracks |
| 8:49 | Crear | Villager (Male) |
| 8:49 | Crear | Villager (Male) |
| 8:49 | Crear | Villager (Male) |
| 8:51 | Crear | Villager (Male) |
| 8:52 | Crear | Villager (Male) |
| 8:53 | Edad | Edad Feudal |
| 9:00 | Investigar | Double-Bit Axe |
| 9:00 | Investigar | Double-Bit Axe |
| 9:04 | Crear | Villager (Male) |
| 9:09 | Construir | Palisade Wall |
| 9:18 | Construir | Barracks |
| 9:29 | Construir | Palisade Wall |
| 9:37 | Construir | Palisade Wall |
| 9:39 | Construir | House |
| 9:40 | Construir | Palisade Wall |
| 9:42 | Construir | Palisade Wall |
| 9:45 | Construir | Palisade Wall |
| 9:46 | Construir | Palisade Wall |
| 9:49 | Construir | Palisade Wall |
| 9:51 | Crear | Villager (Male) |
| 10:00 | Construir | Archery Range |
| 10:18 | Crear | Villager (Male) |
| 10:26 | Construir | Palisade Wall |
| 10:27 | Construir | Palisade Wall |
| 10:37 | Construir | Palisade Wall |
| 10:41 | Crear | Skirmisher |
| 10:52 | Crear | Spearman |
| 10:52 | Crear | Spearman |
| 11:01 | Construir | Farm |
| 11:04 | Crear | Skirmisher |
| 11:12 | Crear | Skirmisher |
| 11:16 | Crear | Villager (Male) |
| 11:24 | Crear | Skirmisher |
| 11:26 | Crear | Villager (Male) |
| 11:29 | Construir | Farm |
| 11:35 | Crear | Skirmisher |
| 11:42 | Crear | Skirmisher |
| 11:46 | Construir | House |
| 12:00 | Construir | House |
| 12:06 | Construir | House |
| 12:07 | Construir | Palisade Wall |
| 12:15 | Construir | Palisade Wall |
| 12:25 | Construir | Palisade Wall |
| 12:27 | Construir | Palisade Wall |
| 12:30 | Construir | Farm |
| 12:32 | Crear | Villager (Male) |
| 12:32 | Crear | Villager (Male) |
| 12:47 | Construir | Farm |
| 12:55 | Construir | Farm |
| 12:58 | Construir | Farm |
| 13:00 | Construir | Farm |
| 13:01 | Investigar | Horse Collar |
| 13:19 | Construir | Palisade Wall |
| 13:26 | Construir | Farm |
| 13:28 | Construir | Farm |
| 13:32 | Construir | Farm |
| 13:36 | Construir | Palisade Gate |
| 13:38 | Crear | Villager (Male) |
| 13:39 | Crear | Villager (Male) |
| 13:49 | Crear | Skirmisher |
| 14:00 | Crear | Villager (Male) |
| 14:02 | Crear | Skirmisher |
| 14:14 | Construir | Farm |
| 14:21 | Crear | Villager (Male) |
| 14:28 | Construir | Blacksmith |
| 14:29 | Crear | Villager (Male) |
| 14:40 | Crear | Villager (Male) |
| 14:40 | Crear | Villager (Male) |
| 14:45 | Crear | Villager (Male) |
| 14:46 | Crear | Villager (Male) |
| 15:03 | Crear | Villager (Male) |
| 15:03 | Crear | Villager (Male) |
| 15:18 | Crear | Villager (Male) |
| 15:22 | Construir | House |
| 15:23 | Construir | Palisade Wall |
| 15:33 | Construir | House |
| 15:38 | Construir | House |
| 15:45 | Crear | Villager (Male) |
| 15:48 | Construir | House |
| 15:55 | Construir | Farm |
| 16:07 | Crear | Villager (Male) |
| 16:21 | Construir | Farm |
| 16:27 | Construir | Farm |
| 17:28 | Construir | Archery Range |
| 17:30 | Construir | Archery Range |
| 17:38 | Construir | Palisade Wall |
| 18:02 | Investigar | Castle Age |
| 18:20 | Construir | House |
| 18:20 | Crear | Archer |
| 18:30 | Construir | House |
| 18:33 | Crear | Archer |
| 18:33 | Crear | Archer |
| 18:55 | Crear | Villager (Male) |
| 18:57 | Construir | House |
| 19:08 | Construir | House |
| 19:14 | Construir | House |
| 19:31 | Construir | House |
| 19:36 | Investigar | Padded Archer Armor |
| 19:38 | Investigar | Fletching |
| 19:39 | Investigar | Fletching |
| 19:45 | Construir | Mule Cart |
| 19:45 | Crear | Villager (Male) |
| 19:45 | Crear | Villager (Male) |
| 19:51 | Crear | Archer |
| 19:56 | Investigar | Padded Archer Armor |
| 20:18 | Investigar | Gold Mining |
| 20:41 | Crear | Villager (Male) |
| 20:41 | Edad | Edad de los Castillos |
| 20:45 | Investigar | Bodkin Arrow |
| 20:48 | Crear | Cavalry Archer |
| 21:02 | Construir | Stone Wall |
| 21:24 | Construir | Stone Wall |
| 21:33 | Crear | Cavalry Archer |
| 21:33 | Crear | Cavalry Archer |
| 21:39 | Construir | Mule Cart |
| 21:43 | Crear | Villager (Male) |
| 21:54 | Crear | Cavalry Archer |
| 21:54 | Crear | Cavalry Archer |
| 21:58 | Construir | House |
| 22:12 | Construir | Town Center |
| 22:18 | Crear | Villager (Male) |
| 22:30 | Crear | Cavalry Archer |
| 22:31 | Crear | Cavalry Archer |
Build order — SSS66618
Primeras 150 de 777 acciones detectadas
| 0:00 | Crear | Villager (Male) |
| 0:01 | Crear | Villager (Male) |
| 0:02 | Construir | House |
| 0:03 | Construir | House |
| 0:06 | Crear | Villager (Male) |
| 0:07 | Crear | Villager (Male) |
| 1:32 | Crear | Villager (Male) |
| 1:55 | Construir | Mule Cart |
| 2:00 | Crear | Villager (Male) |
| 2:00 | Crear | Villager (Male) |
| 2:24 | Crear | Villager (Male) |
| 2:47 | Crear | Villager (Male) |
| 3:10 | Crear | Villager (Male) |
| 3:10 | Crear | Villager (Male) |
| 3:40 | Crear | Villager (Male) |
| 3:40 | Crear | Villager (Male) |
| 3:50 | Construir | House |
| 3:51 | Construir | House |
| 3:54 | Crear | Villager (Male) |
| 4:28 | Crear | Villager (Male) |
| 4:40 | Construir | Barracks |
| 4:52 | Crear | Villager (Male) |
| 5:10 | Construir | Palisade Wall |
| 5:16 | Crear | Villager (Male) |
| 5:22 | Crear | Villager (Male) |
| 5:48 | Investigar | Loom |
| 6:05 | Construir | Palisade Wall |
| 6:35 | Investigar | Feudal Age |
| 6:57 | Construir | Mule Cart |
| 7:14 | Crear | Militia |
| 7:15 | Crear | Militia |
| 7:27 | Construir | House |
| 7:37 | Crear | Militia |
| 8:12 | Construir | Palisade Wall |
| 8:13 | Construir | Palisade Wall |
| 8:13 | Construir | Palisade Wall |
| 8:51 | Edad | Edad Feudal |
| 8:55 | Investigar | Man-at-Arms (upgrade) |
| 8:56 | Crear | Villager (Male) |
| 9:17 | Crear | Villager (Male) |
| 9:23 | Construir | Archery Range |
| 9:41 | Construir | Mill |
| 9:48 | Crear | Villager (Male) |
| 9:58 | Construir | House |
| 10:05 | Crear | Villager (Male) |
| 10:08 | Crear | Archer |
| 10:28 | Crear | Villager (Male) |
| 10:31 | Construir | Blacksmith |
| 10:34 | Construir | Farm |
| 10:51 | Construir | Farm |
| 10:54 | Construir | Palisade Wall |
| 10:56 | Construir | Palisade Wall |
| 10:59 | Crear | Spearman |
| 11:03 | Crear | Villager (Male) |
| 11:07 | Crear | Archer |
| 11:25 | Crear | Villager (Male) |
| 11:35 | Crear | Archer |
| 11:49 | Construir | Farm |
| 11:54 | Investigar | Scale Mail Armor |
| 11:57 | Construir | Farm |
| 12:13 | Construir | Farm |
| 12:14 | Crear | Villager (Male) |
| 12:25 | Construir | House |
| 12:26 | Construir | House |
| 12:34 | Crear | Villager (Male) |
| 12:45 | Construir | Farm |
| 12:47 | Construir | Farm |
| 12:58 | Crear | Villager (Male) |
| 13:01 | Crear | Archer |
| 13:16 | Investigar | Double-Bit Axe |
| 13:48 | Crear | Archer |
| 13:48 | Crear | Villager (Male) |
| 13:57 | Construir | Mule Cart |
| 14:05 | Crear | Villager (Male) |
| 14:16 | Construir | Farm |
| 14:18 | Construir | Farm |
| 14:19 | Investigar | Gold Mining |
| 14:31 | Crear | Villager (Male) |
| 14:36 | Investigar | Fletching |
| 14:45 | Crear | Villager (Male) |
| 15:12 | Construir | Farm |
| 15:13 | Construir | Farm |
| 15:14 | Construir | Farm |
| 15:16 | Investigar | Horse Collar |
| 15:24 | Crear | Villager (Male) |
| 15:28 | Crear | Militia |
| 15:41 | Construir | Barracks |
| 16:07 | Construir | Mule Cart |
| 16:09 | Investigar | Wheelbarrow |
| 16:11 | Crear | Villager (Male) |
| 16:24 | Crear | Militia |
| 16:33 | Construir | Palisade Wall |
| 16:36 | Construir | House |
| 16:40 | Crear | Militia |
| 16:47 | Crear | Villager (Male) |
| 17:07 | Construir | Farm |
| 17:11 | Construir | Market |
| 17:19 | Construir | Palisade Gate |
| 17:22 | Construir | Palisade Wall |
| 17:23 | Construir | Palisade Wall |
| 17:26 | Crear | Militia |
| 17:27 | Crear | Militia |
| 17:33 | Investigar | Gold Mining |
| 17:58 | Construir | Farm |
| 17:59 | Investigar | Long Swordsman (upgrade) |
| 18:04 | Crear | Villager (Male) |
| 18:25 | Construir | Archery Range |
| 18:35 | Crear | Villager (Male) |
| 18:45 | Investigar | Arson |
| 19:06 | Crear | Militia |
| 19:09 | Crear | Villager (Male) |
| 19:11 | Construir | Farm |
| 19:12 | Construir | Farm |
| 19:20 | Construir | Watch Tower |
| 19:26 | Crear | Militia |
| 19:34 | Construir | House |
| 19:36 | Crear | Villager (Male) |
| 19:44 | Construir | Mule Cart |
| 19:48 | Crear | Skirmisher |
| 19:48 | Crear | Skirmisher |
| 19:59 | Construir | Watch Tower |
| 20:02 | Construir | Farm |
| 20:03 | Crear | Villager (Male) |
| 20:03 | Crear | Militia |
| 20:04 | Crear | Villager (Male) |
| 20:14 | Crear | Villager (Male) |
| 20:17 | Crear | Militia |
| 20:25 | Construir | House |
| 20:27 | Construir | House |
| 20:34 | Crear | Skirmisher |
| 20:35 | Crear | Skirmisher |
| 20:38 | Construir | House |
| 20:50 | Construir | Farm |
| 20:51 | Construir | Farm |
| 21:23 | Crear | Militia |
| 21:35 | Construir | Farm |
| 21:42 | Investigar | Castle Age |
| 21:42 | Investigar | Castle Age |
| 21:48 | Construir | Watch Tower |
| 21:51 | Construir | Farm |
| 21:52 | Construir | Farm |
| 21:55 | Crear | Villager (Male) |
| 21:59 | Construir | House |
| 22:00 | Construir | House |
| 22:06 | Construir | House |
| 22:07 | Construir | House |
| 22:10 | Construir | Farm |
| 22:13 | Construir | Outpost |
| 22:37 | Investigar | Stone Mining |
| 22:43 | Investigar | Forging |
Cronología de la partida
| 4:40 | SSS66618 · first_building Barracks |
| 5:10 | SSS66618 · wall_segment Palisade Wall x7 |
| 6:05 | SSS66618 · wall_segment Palisade Wall x3 |
| 8:07 | iamkaito · first_building Barracks |
| 8:12 | SSS66618 · wall_segment Palisade Wall x3 |
| 8:13 | SSS66618 · wall_segment Palisade Wall x1 |
| 8:13 | SSS66618 · wall_segment Palisade Wall x1 |
| 8:51 | SSS66618 · age_up feudal |
| 8:53 | iamkaito · age_up feudal |
| 9:09 | iamkaito · wall_segment Palisade Wall x1 |
| 9:23 | SSS66618 · first_building Archery Range |
| 9:29 | iamkaito · wall_segment Palisade Wall x1 |
| 9:37 | iamkaito · wall_segment Palisade Wall x2 |
| 9:40 | iamkaito · wall_segment Palisade Wall x2 |
| 9:42 | iamkaito · wall_segment Palisade Wall x1 |
| 9:45 | iamkaito · wall_segment Palisade Wall x1 |
| 9:46 | iamkaito · wall_segment Palisade Wall x1 |
| 9:49 | iamkaito · wall_segment Palisade Wall x1 |
| 10:00 | iamkaito · first_building Archery Range |
| 10:26 | iamkaito · wall_segment Palisade Wall x1 |
| 10:27 | iamkaito · wall_segment Palisade Wall x1 |
| 10:37 | iamkaito · wall_segment Palisade Wall x1 |
| 10:54 | SSS66618 · wall_segment Palisade Wall x1 |
| 10:56 | SSS66618 · wall_segment Palisade Wall x6 |
| 12:07 | iamkaito · wall_segment Palisade Wall x7 |
| 12:15 | iamkaito · wall_segment Palisade Wall x7 |
| 12:25 | iamkaito · wall_segment Palisade Wall x4 |
| 12:27 | iamkaito · wall_segment Palisade Wall x7 |
| 13:19 | iamkaito · wall_segment Palisade Wall x7 |
| 15:23 | iamkaito · wall_segment Palisade Wall x1 |
| 16:33 | SSS66618 · wall_segment Palisade Wall x6 |
| 17:22 | SSS66618 · wall_segment Palisade Wall x2 |
| 17:23 | SSS66618 · wall_segment Palisade Wall x1 |
| 17:38 | iamkaito · wall_segment Palisade Wall x1 |
| 20:41 | iamkaito · age_up castle |
| 21:02 | iamkaito · wall_segment Stone Wall x4 |
| 21:24 | iamkaito · wall_segment Stone Wall x1 |
| 21:40 | SSS66618 · first_market_buy 100 food |
| 22:53 | iamkaito · wall_segment Stone Wall x1 |
| 23:16 | iamkaito · wall_segment Stone Wall x1 |
| 24:22 | SSS66618 · age_up castle |
| 24:38 | SSS66618 · first_building Monastery |
| 26:21 | iamkaito · first_market_sell 100 wood |
| 26:34 | iamkaito · wall_segment Stone Wall x1 |
| 27:12 | SSS66618 · first_building Siege Workshop |
| 27:42 | iamkaito · first_building Monastery |
| 28:56 | iamkaito · first_building Siege Workshop |
| 32:45 | SSS66618 · first_market_sell 100 food |
| 36:06 | iamkaito · first_building Stable |
| 37:35 | SSS66618 · first_building Castle |
| 37:36 | iamkaito · first_market_buy 100 stone |
| 37:41 | iamkaito · first_building Castle |
| 41:23 | iamkaito · age_up imperial |
| 45:24 | SSS66618 · age_up imperial |
| 65:43 | SSS66618 · resign |
[ ANÁLISIS IA · 1 CRÉDITO ]
¿Qué pasó realmente en esta partida?
Wolo.gg analiza cada decisión: build order, eco, micro, errores típicos por bracket. Análisis personalizado por WhatsApp o Discord en 30 segundos.
Guía civ
Georgianos
Perfil
iamkaito